 Dungeon Crawl Stone Soup version 0.29-a0-344-ge2f44be95a (webtiles) character file.

Game seed: 16097064522432703748

202 spiderkeys the Skirmisher (level 5, -2/47 HPs)
             Began as a Ghoul Abyssal Knight on Apr 21, 2022.
             Was a Priest of Lugonu.
             Killed by divine providence
             ... invoked by an orc priest
              (12 damage)
             ... on level 4 of the Dungeon.
             The game lasted 00:03:38 (3057 turns).

spiderkeys the Skirmisher (Ghoul Abyssal Knight)    Turns: 3057, Time: 00:03:39

Health: -2/47      AC:  9    Str: 19    XL:     5   Next: 80%
Magic:  6/6        EV: 11    Int:  5    God:    Lugonu [***...]
Gold:   253        SH:  0    Dex:  9    Spells: 4/4 levels left

rFire   . . .      SeeInvis .   l - +1 hand axe (elec)
rCold   + . .      Faith    .   (no shield)
rNeg    + + +      Spirit   .   r - +2 leather armour {rPois}
rPois   ∞          Reflect  .   (no helmet)
rElec   .          Harm     .   c - +0 cloak
rCorr   .          Rampage  .   o - +2 pair of gloves
Will    .....                   (no boots)
Stlth   +.........              g - amulet of regeneration
HPRegen 0.00/turn               (no ring)
MPRegen 0.10/turn               (no ring)

@: inhibited regen
A: claws 1, cold resistance 1, negative energy resistance 3, inhibited
regeneration, torment resistance 2, devour on kill
a: Renounce Religion, Depart the Abyss, Bend Space, Banish


You were on level 4 of the Dungeon.
You worshipped Lugonu.
Lugonu was most pleased with you.
You visited 1 branch of the dungeon, and saw 4 of its levels.
You visited the Abyss 1 time.

You collected 253 gold pieces.


Innate Abilities, Weirdness & Mutations

You are immune to poison.
You have sharp fingernails.
Your flesh is cold resistant. (rC+)
You are immune to negative energy. (rN+++)
You do not regenerate when monsters are visible.
You are immune to unholy pain and torment.
You thrive by killing the living.


   Skills:
 + Level 4.4 Fighting
 + Level 3.0 Axes
 + Level 3.0 Armour
 - Level 1.0 Dodging
 + Level 3.5 Invocations


You had 4 spell levels left.
You didn't know any spells.
Your spell library contained the following spells:

 Spells                   Type           Power      Damage    Failure   Level
 Sandblast                Erth           0%         2d4       54%         1
 Passwall                 Tmut/Erth      0%         N/A       67%         2
 Stone Arrow              Conj/Erth      0%         3d7       88%         3
 Animate Dead             Necr           0%         N/A       99%         4
 Borgnjor's Vile Clutch   Necr/Erth      0%         N/A       100%        5
 Death Channel            Necr           0%         N/A       100%        6

Inventory:

Hand Weapons
 a - a +1 hand axe
 l - a +1 hand axe of electrocution (weapon)
   (You found it on level 2 of the Dungeon)
Missiles
 j - 44 stones
 v - 9 poisoned darts
Armour
 b - a +0 leather armour
 c - a +0 cloak (worn)
   (You found it on level 3 of the Dungeon)
 e - a +0 ring mail
   (You took it off an orc on level 3 of the Dungeon)
 h - a +0 scale mail
   (You found it on level 1 of the Dungeon)
 k - a +0 ring mail
   (You found it on level 1 of the Dungeon)
 m - a +0 leather armour
   (You found it on level 2 of the Dungeon)
 n - a +0 leather armour
   (You found it on level 2 of the Dungeon)
 o - a +2 pair of gloves (worn)
   (You found it on level 2 of the Dungeon)
 r - a +2 leather armour of poison resistance (worn)
   (You found it on level 2 of the Dungeon)
 t - a +0 chain mail
   (You found it on level 2 of the Dungeon)
 u - a +0 scale mail
   (You took it off Terence on level 2 of the Dungeon)
 y - a +0 leather armour
   (You found it on level 3 of the Dungeon)
 A - a +0 leather armour
   (You found it on level 3 of the Dungeon)
 B - a +0 ring mail
   (You found it on level 3 of the Dungeon)
 C - a +0 robe
   (You found it on level 3 of the Dungeon)
 E - a +0 robe
   (You found it on level 4 of the Dungeon)
Jewellery
 g - an amulet of regeneration (around neck)
   (You found it on level 1 of the Dungeon)
 G - an amulet of magic regeneration
   (You found it on level 4 of the Dungeon)
Scrolls
 f - a scroll of blinking {!r}
 i - a scroll of fear
 q - a scroll of vulnerability {!r!r}
 D - a scroll of identify {@r1}
 F - a scroll of enchant armour {unknown}
Potions
 d - a potion of lignification {unknown}
 p - 3 potions of degeneration {unknown}
 s - a potion of cancellation {unknown}
 w - a potion of brilliance {unknown}
 x - 2 potions of curing {unknown}
 z - a potion of resistance {unknown}

Dungeon Overview and Level Annotations

Branches:
Dungeon (4/15)
 Temple: D:4-7

Altars:

##. #...# #..##.
#.. #..###..##.
#.# ##..##..##.
##.# #..).......
##..#
##..##..##..
...###..####.####
#.##..## ###
#.#####....##
#..go@)###.#
#.##J##.#### #.
## ##


You could see an orc priest, an endoplasm and a hobgoblin.


Message History

Key pressed, stopping explore.
A giant cockroach comes into view.
Okay, then.
A giant cockroach is nearby!
A giant cockroach is nearby!
A giant cockroach is nearby!
The giant cockroach waves its antennae.
The giant cockroach bites you but does no damage.
You hit the giant cockroach.
Lightning courses through the giant cockroach!
You kill the giant cockroach!
Lugonu accepts your kill.
No target in view!
No target in view!
No target in view!
x - 2 amethyst potions (gained 1) Key pressed, stopping explore.
Key pressed, stopping explore.
Key pressed, stopping explore.
A kobold comes into view. It is wielding a +0 club.
The kobold shouts!
The kobold hits you but does no damage.
You hit the kobold. The kobold closely misses you.
You hit the kobold.
You kill the kobold!
Lugonu accepts your kill.
No target in view!
No target in view!
You see here a +0 club.
An orc comes into view. It is wielding a +0 whip.
An orc is nearby!
An orc is nearby!
An orc is nearby!
The orc shouts!
You hear a shout!
You closely miss the orc. The orc barely misses you.
You hit the orc. The orc hits you but does no damage.
You closely miss the orc. The orc hits you but does no damage. x2
You barely miss the orc. The orc completely misses you.
An orc comes into view. It is wielding a +0 hand axe.
You hit the orc. The orc hits you but does no damage.
There are monsters nearby!
You hit the orc.
You kill the orc!
Lugonu accepts your kill.
An orc priest comes into view. It is wielding a +0 short sword.
Your Axes skill increases to level 3!
The orc priest shouts!
You hear a shout! x2
An endoplasm comes into view.
You see here a +0 whip.
There are monsters nearby!
You slash the orc!
You kill the orc!
Lugonu accepts your kill.
You see here a +0 hand axe.
You hit the orc priest but do no damage.
The orc priest barely misses you.
You barely miss the orc priest.
The orc priest hits you with a +0 short sword.
The orc priest barely misses you. The endoplasm freezes you.
You are frozen.
You resist. 😕 HP[-8]
You take 8 damage, and now have 39/47 hp.
You barely miss the orc priest. You hit the endoplasm but do no damage.
A hobgoblin comes into view.
The orc priest hits you but does no damage.
The endoplasm hits you but does no damage.
You hit the orc priest but do no damage.
Lightning courses through the orc priest!
You hit the endoplasm but do no damage.
The orc priest calls down the wrath of Beogh upon you.
Beogh smites you! The endoplasm freezes you.
You are frozen.
You resist. 😮 HP[-8]
You take 8 damage, and now have 31/47 hp.
You are too injured to fight recklessly!
You are too injured to fight recklessly!
You are too injured to fight recklessly!
You are too injured to fight recklessly!
You hit the orc priest but do no damage.
You hit the endoplasm.
The orc priest hits you with a +0 short sword.
The endoplasm hits you. 😮 HP[-5]
You take 5 damage, and now have 26/47 hp.
You closely miss the orc priest. You hit the endoplasm.
The endoplasm freezes you.
You are frozen.
You resist.
The orc priest calls down the wrath of Beogh upon you.
Beogh smites you!
* * * LOW HITPOINT WARNING * * *
😱 HP[-15]
You take 15 damage, and now have 11/47 hp.
MASSIVE DAMAGE!! (PAUSE)
You barely miss the orc priest. You hit the endoplasm. The endoplasm hits you.
* * * LOW HITPOINT WARNING * * *
The orc priest mumbles some strange prayers to Beogh against you.
Beogh smites you!
You die...

Skill      XL: |  1  2  3  4  5 |
---------------+----------------+-----
Dodging        | 1 |  1.0
Axes           | 2 3 |  3.0
Armour         | 2 3 |  3.0
Fighting       | 4 |  4.4
Invocations    | 3 |  3.5

Action                   |  1- 3 |  4- 6 || total
-------------------------+-------+-------++-------
Melee: Hand axe          |    95 |    68 ||   163
       Punch             |     1 |       ||     1
  Use: Scroll            |       |     4 ||     4
Armor: Leather armour    |    23 |    53 ||    76
       Ring mail         |     3 |       ||     3
       Skin              |     1 |       ||     1
Dodge: Dodged            |    71 |    38 ||   109

Levels and vault maps discovered:
D:1:      beargit_arrival_diablo_church, layout_basic, chequers_garden,
          patterned_corridor
D:2:      layout_loops_ring, serial_forest, infiniplex_forest_clump_curved,
          infiniplex_forest_end_1, infiniplex_forest_clump_double,
          infiniplex_forest_zigzag_1, infiniplex_forest_zigzag_1,
          infiniplex_forest_straight_4, uniq_terence
D:3:      kennysheep_big_flooded_room, layout_loops_corners
D:4:      layout_layer_cave, mainiacjoe_overflow_alcove_4

Notes
Turn   | Place    | Note
-------+----------+-------------------------------------------
     0 | Abyss:1  | spiderkeys the Ghoul Abyssal Knight began the quest for the
                  | Orb.
     0 | Abyss:1  | Reached XP level 1. HP: 19/19 MP: 1/1
     0 | Abyss:1  | magus.rc [v1.11.3]
   174 | D:1      | You pass through the gate.
   174 | D:1      | Escaped the Abyss
   308 | D:1      | Reached skill level 1 in Dodging
   402 | D:1      | Reached XP level 2. HP: 24/26 MP: 2/2
   407 | D:1      | Reached skill level 2 in Axes
   407 | D:1      | Reached skill level 2 in Armour
   413 | D:1      | HP: 6/26 [jackal (3)]
   828 | D:1      | Reached XP level 3. HP: 25/31 MP: 3/3
  1425 | D:2      | Noticed Terence
  1436 | D:2      | Killed Terence
  1437 | D:2      | Reached skill level 4 in Fighting
  1437 | D:2      | Reached XP level 4. HP: 32/40 MP: 5/5
  1537 | D:2      | Reached skill level 3 in Invocations
  1706 | D:3      | Noticed a centaur
  1715 | D:3      | Killed a centaur
  1716 | D:3      | Reached XP level 5. HP: 40/46 MP: 6/6
  1823 | D:3      | Reached *** piety under Lugonu
  2098 | D:3      | You pick up a book of Unlife and begin reading...
  2098 | D:3      | You add the spells Animate Dead, Borgnjor's Vile Clutch and
                  | Death Channel to your library.
  2164 | D:3      | You pick up a book of Geomancy and begin reading...
  2164 | D:3      | You add the spells Sandblast, Passwall and Stone Arrow to
                  | your library.
  2879 | D:4      | Reached skill level 3 in Armour
  3048 | D:4      | Reached skill level 3 in Axes
  3056 | D:4      | HP: 11/47 [orc priest/divine providence (13)]
  3057 | D:4      | Killed from afar by an orc priest

Vanquished Creatures
  A centaur (D:3)
  Terence (D:2)
  3 adders
  A worm (D:4)
  A dart slug (D:1)
  3 orcs
  5 endoplasms
  3 giant cockroaches
  6 goblins
  4 hobgoblins
  7 jackals
  6 kobolds
  5 quokkas
  3 ball pythons
  5 bats
  3 frilled lizards
  3 rats
60 creatures vanquished.

Table legend:
 A = Non-vault XP
 B = Vault XP
 C = Vault XP percentage of total XP
 D = Non-vault monster count
 E = Vault monster count
 F = Vault count percentage of total count
                 A         B        C        D         E       F
            +---------+---------+-------+---------+---------+-------
      Total |     249 |      40 |  13.8 |      57 |       3 |   5.0
            +---------+---------+-------+---------+---------+-------
        D:1 |      36 |       0 |   0.0 |      21 |       0 |   0.0
        D:2 |      43 |      36 |  45.6 |      11 |       1 |   8.3
        D:3 |     129 |       4 |   3.0 |      13 |       2 |  13.3
        D:4 |      41 |       0 |   0.0 |      12 |       0 |   0.0
            +---------+---------+-------+---------+---------+-------

Illustrated notes

Table legend:
 A = Kills in this place as a percentage of kills in entire the game.
 B = Kills by you in this place as a percentage of kills by you in the entire game.
 C = Kills by friends in this place as a percentage of kills by friends in the entire game.
 D = Other kills in this place as a percentage of other kills in the entire game.
 E = Experience gained in this place as a percentage of experience gained in the entire game.
 F = Experience gained in this place divided by the number of levels of this place that you have seen.
                   A       B       C       D       E      F
               +-------+-------+-------+-------+-------+----------------------
         Total | 100.0 | 100.0 |   N/A |   N/A | 100.0 |  57.8
       Dungeon | 100.0 | 100.0 |   N/A |   N/A | 100.0 |  72.2
               +-------+-------+-------+-------+-------+----------------------

Table legend: (Time is in decaauts)
 A = Elapsed time spent in this place.
 B = Non-inter-level travel time spent in this place.
 C = Inter-level travel time spent in this place.
 D = Time resting spent in this place.
 E = Time spent auto-exploring this place.
 F = Levels seen in this place.
 G = Mean time per level.
                   A        B        C        D        E       F      G
               +--------+--------+--------+--------+--------+-----+--------+
         Total |   3085 |   2886 |    199 |     22 |   2409 |   5 |  617.0 |
       Dungeon |   2911 |   2712 |    199 |     22 |   2244 |   4 |  727.8 |
         Abyss |    174 |    174 |      0 |      0 |    165 |   1 |  174.0 |
               +--------+--------+--------+--------+--------+-----+--------+

Top non-repeatable levels by time:
     D:3: 1057 daAuts
     D:1: 824 daAuts
     D:2: 725 daAuts
     D:4: 303 daAuts
 Abyss:1: 174 daAuts
